 Dungeon Crawl Stone Soup version 0.25.1-8-g42b30a86e7 (webtiles) character file.

Game seed: 16269455610494628341

96 Clowwww the Skirmisher (level 4, -12/35 HPs)
             Began as a Demonspawn Fighter on Dec 19, 2020.
             Killed from afar by Sigmund (18 damage)
             ... with a puff of flame
             ... on level 3 of the Dungeon.
             The game lasted 00:03:59 (1718 turns).

Clowwww the Skirmisher (Demonspawn Fighter)         Turns: 1718, Time: 00:04:00

Health: -12/35     AC:  6    Str: 18    XL:     4   Next: 41%
Magic:  4/4        EV:  3    Int:  9    God:
Gold:   55         SH:  9    Dex: 12    Spells: 3/3 levels left

rFire    x . .     SeeInvis .   a - +0 war axe
rCold    + . .     Gourm    .   c - +0 kite shield
rNeg     . . .     Faith    .   b - +0 scale mail
rPois    .         Spirit   .   (no helmet)
rElec    .         Reflect  .   (no cloak)
rCorr    .         Harm     .   (no gloves)
MR       .....                  (no boots)
Stlth    ..........             (no amulet)
HPRegen  0.11/turn              j - ring of ice
MPRegen  0.09/turn              m - -4 ring of evasion (curse)

@: mighty, about to teleport
A: powered by death 1, powered by pain 2
a: no special abilities


You were on level 3 of the Dungeon.
You were not hungry.

You visited 1 branch of the dungeon, and saw 4 of its levels.

You collected 55 gold pieces.

Inventory:

Hand Weapons
 a - a +0 war axe (weapon)
Armour
 b - a +0 scale mail (worn)
 c - a +0 kite shield (worn)
Jewellery
 j - a ring of ice (left hand)
 m - a cursed -4 ring of evasion (right hand)
Potions
 g - 2 potions of brilliance {unknown}
 l - a potion of resistance
Comestibles
 f - 3 rations
 i - 2 chunks of flesh


   Skills:
 + Level 3.5 Fighting
 + Level 2.6 Axes
 + Level 3.5 Armour
 + Level 0.6 Dodging
 + Level 3.0 Shields


You had 3 spell levels left.
You didn't know any spells.
Your spell library was empty.

Dungeon Overview and Level Annotations

Branches:
Dungeon (4/15)
 Temple: D:4-7

Altars:

Annotations:
D:3 Sigmund


Innate Abilities, Weirdness & Mutations

You regenerate a little health from kills.
You sometimes gain power by taking damage.


Message History

You feel better. The frilled lizard barely misses you.
You block Sigmund's attack.
As you read the scroll of teleportation, it crumbles to dust.
You feel strangely unstable.
The frilled lizard bites you but does no damage.
You closely miss Sigmund.
Sigmund is heavily wounded.
You closely miss the frilled lizard. The frilled lizard bites you.
* * * LOW HITPOINT WARNING * * *
Sigmund hits you with a +0 scythe.
* * * LOW HITPOINT WARNING * * *
The frilled lizard bites you but does no damage.
You slash Sigmund!
Sigmund is almost dead.
You hit the frilled lizard.
You kill the frilled lizard!
Sigmund points at you and mumbles some strange words.
The puff of flame hits you!! The fire burns you terribly!
Ouch! That really hurt!
You die...

#.#...# #.#...#
#.#...# #.#...#
#.#...#
#####.#...## #
#..).......###.####
#.###.##..#)@......
#.# #......@.......
#># #..........####
#.# ##.##..#.###
#.# #.##...... #.#
#.##.##.### #.#
#.##.# .# #.# .. .#
#.# ##. ## #.#


You could see Sigmund.

Vanquished Creatures
  An iguana (D:4)
  A worm (D:3)
  A dart slug (D:1)
  3 leopard geckos (D:1)
  A ball python (D:1)
  6 bats
  A giant cockroach (D:3)
  7 goblins (D:1)
  4 hobgoblins
  12 jackals
  7 kobolds (D:1)
  6 frilled lizards
  4 rats
54 creatures vanquished.

Notes
Turn   | Place    | Note
-------+----------+-------------------------------------------
     0 | D:1      | Clowwww the Demonspawn Fighter began the quest for the Orb.
     0 | D:1      | Reached XP level 1. HP: 18/18 MP: 1/1
   419 | D:1      | Gained mutation: You regenerate a little health from kills.
                  | [demonic ancestry]
   419 | D:1      | Reached XP level 2. HP: 22/24 MP: 2/2
   681 | D:1      | Gained mutation: You sometimes gain a little power by
                  | taking damage. [demonic ancestry]
   681 | D:1      | Reached XP level 3. HP: 19/29 MP: 3/3
  1402 | D:2      | You fall into a shaft and drop 2 floors!
  1413 | D:4      | Gained mutation: You sometimes gain power by taking damage.
                  | [demonic ancestry]
  1413 | D:4      | Reached XP level 4. HP: 11/35 MP: 4/4
  1697 | D:3      | Noticed Sigmund
  1713 | D:3      | HP: 1/35 [Sigmund/+0 scythe (11)]
  1718 | D:3      | Killed from afar by Sigmund

Illustrated notes

Levels and vault maps discovered:
D:1:      dpeg_arrival_simpleton_b, layout_basic, minmay_vboxes
D:2:      minmay_recursive_quarters, layout_rooms,
          nicolae_overflow_crystal_walls, uniq_jessica
D:3:      layout_loops_ring, chequers_ecumenical_altar_simple,
          minmay_lizard_king, uniq_sigmund
D:4:      layout_basic, first_ration

Skill      XL: |  1  2  3  4 |
---------------+-------------+-----
Axes           | 2 |  2.6
Armour         | 3 |  3.5
Shields        | 3 |  3.0
Fighting       | |  3.5
Dodging        | |  0.6

Action                   |  1- 3 |  4- 6 || total
-------------------------+-------+-------++-------
Melee: War axe           |   127 |    50 ||   177
  Use: Scroll            |     4 |     1 ||     5
       Potion            |       |     3 ||     3
  Eat: Chunk             |     2 |     1 ||     3
Armor: Scale mail        |    82 |    27 ||   109
Dodge: Dodged            |    49 |     8 ||    57
Block: Kite shield       |    62 |    25 ||    87
